 Dungeon Crawl Stone Soup version 0.32-a0-360-gcd93b57ba1 (webtiles) character file.

Game seed: 1063724467473352718

12811 FenstriderWitch the Carver (level 11, -21/129 HPs)
             Began as a Grey Draconian Gladiator on Feb 18, 2024.
             Was a Believer of Beogh.
             Killed from afar by a spriggan druid (29 damage)
             ... with a stone arrow
             ... on level 2 of the Lair of Beasts.
             The game lasted 00:17:32 (10283 turns).

FenstriderWitch the Carver (DrGl)                  Turns: 10283, Time: 00:17:32

Health: -21/129    AC: 25    Str: 22    XL:     11   Next: 67%
Magic:  14/14      EV:  2    Int: 10    God:    Beogh [**....]
Gold:   720        SH:  0    Dex: 16    Spells: 10/10 levels left

rFire   . . .        N - +0 great sword
rCold   . . .        (shield currently unavailable)
rNeg    . . .        (body armour unavailable)
rPois   +            b - melded +0 hat
rElec   .            J - melded +0 cloak
rCorr   .            M - melded +2 pair of gloves "Rausuh" {Rampage rPois Int+2}
SInv    .            q - melded +0 pair of boots
Will    .....        v - amulet of regeneration
Stlth   +            k - +6 ring of strength
HPRegen 1.21/turn    B - +5 ring of evasion
MPRegen 0.14/turn

%: no passive effects
@: lethally poisoned (-21 -> -29), tree-form
A: stationary, stasis, torment immunity, boosted hp, AC +12, (amphibious),
unfitting armour, (cold-blooded)
a: Renounce Religion, Smiting


You were on level 2 of the Lair of Beasts.
You worshipped Beogh.
Beogh was pleased with you.
You were a tree.
You visited 3 branches of the dungeon, and saw 13 of its levels.

You collected 720 gold pieces.

Inventory:

Hand Weapons
 a - a +0 long sword
 N - a +0 great sword (weapon)
 U - a +0 long sword of flaming
Missiles
 d - a javelin
 j - 6 throwing nets (quivered)
 y - 6 curare-tipped darts
Armour
 b - a +0 hat (melded)
 q - a +0 pair of boots (melded)
 J - a +0 cloak (melded)
 M - the +2 pair of gloves "Rausuh" (melded) {Rampage rPois Int+2}
   (You found it on level 9 of the Dungeon)

   Int+2:     It affects your intelligence (+2).
   rPois:     It protects you from poison Rampage: It bestows one free step when
   moving towards enemies.
 O - a +2 pair of gloves
 Q - a +0 tower shield
Jewellery
 k - a +6 ring of strength (left branch)
 v - an amulet of regeneration (around neck)
 x - an amulet of faith
 B - a +5 ring of evasion (right branch)
 G - a ring of wizardry
 R - a ring of magical power
 V - a ring of see invisible
Talismans
 S - a maw talisman (active)
Wands
 i - a wand of roots (14)
 o - a wand of charming (4)
 K - a wand of flame (38)
 P - a wand of polymorph (4)
Scrolls
 m - 2 scrolls of revelation {@r5}
 n - a scroll of amnesia
 t - a scroll of enchant armour
 w - a scroll of brand weapon
 D - 2 scrolls of enchant weapon
 E - 2 scrolls of noise
 F - 5 scrolls of teleportation {@r3}
 I - a scroll of silence {!r}
 X - a scroll of identify {@r1}
Potions
 e - a potion of brilliance
 f - 4 potions of curing {@q2}
 g - 3 potions of mutation
 h - 3 potions of enlightenment
 l - 7 potions of degeneration
 r - 2 potions of resistance {unknown}
 s - 2 potions of heal wounds {unknown}
 u - 2 potions of berserk rage {unknown}
 z - 2 potions of lignification
 A - 3 potions of might {unknown}
 H - 2 potions of ambrosia {unknown}
 L - a potion of magic {unknown}
 T - a potion of cancellation {unknown}
 W - 2 potions of attraction {unknown}


   Skills:
 - Level 5.0 Fighting
 - Level 14.0 Long Blades
 - Level 1.7 Throwing
 - Level 4.0 Dodging
 + Level 5.1 Invocations
 - Level 10.0 Shapeshifting


You had 10 spell levels left.
You didn't know any spells.
Your spell library contained the following spells:

 Spells                   Type           Power      Damage    Failure   Level
 Kiss of Death            Conj/Necr      0%         2d5       36%         1
 Call Imp                 Summ           0%         N/A       50%         2
 Ensorcelled Hibernation  Hex/Ice        0%         N/A       50%         2
 Scorch                   Fire           0%         2d5       50%         2
 Sublimation of Blood     Necr           0%         N/A       50%         2
 Confusing Touch          Hex            0%         N/A       75%         3
 Fugue of the Fallen      Necr           0%         N/A       75%         3
 Gell's Gravitas          Tloc           0%         N/A       75%         3
 Hailstorm                Conj/Ice       0%         3d5       75%         3
 Summon Ice Beast         Ice/Summ       0%         N/A       75%         3
 Teleport Other           Tloc           0%         N/A       75%         3
 Volatile Blastmotes      Fire/Tloc      0%         2d10      75%         3
 Anguish                  Hex/Necr       0%         N/A       98%         4
 Dispel Undead            Necr           0%         3d6       98%         4
 Flame Wave               Conj/Fire      0%         2d4       98%         4
 Fulminant Prism          Conj/Alch      0%         3d5       98%         4
 Iskenderun's Mystic Bla  Conj/Tloc      0%         2d3       98%         4
 Dispersal                Tloc           0%         N/A       100%        6
 Sculpt Simulacrum        Ice/Alch       0%         N/A       100%        6
 Summon Cactus Giant      Summ           0%         N/A       100%        6
 Summon Hydra             Summ           0%         N/A       100%        7


Dungeon Overview and Level Annotations

Branches:
Dungeon (10/15)            Temple (1/1) D:7            Lair (2/5) D:9
    Orc (0/2) D:10
  Swamp: Lair:2-3    Shoals: Lair:2-3     Snake: Lair:2-3    Spider: Lair:2-3

Altars:
Ashenzari
Cheibriados
Dithmenos
Elyvilon
Gozag
Hepliaklqana
Kikubaaqudgha
Makhleb
Nemelex Xobeh
Okawaru
Ru
Sif Muna
Uskayaw
Vehumet
Wu Jian
Xom
Yredelemnul
Zin
The Shining One
Beogh

Shops:
D:6 *   D:8 *   D:9 (

Annotations:
D:3 Sigmund


Innate Abilities, Weirdness & Mutations

You are a tree.
Your roots penetrate the ground, keeping you stationary.
You cannot be teleported.
You are immune to unholy pain and torment.
Your maximum health is greatly increased.
Your equipment is partially melded.
Your facial features look somewhat orcish.
((Your dull iron-grey scales are very hard. (AC +12)))
((You are amphibious.))
You cannot fit into any form of body armour.
((You are cold-blooded and may be slowed by cold attacks.))


Message History

Press: ? - help, Q - select action, (/) - cycle Shift-Dir - straight line, f - yak
Aim: a yak (83% to hit)
The bolt of light hits the spriggan druid!
The spriggan druid is moderately wounded.
The spriggan druid is blinded.
The bolt of light misses the spriggan druid.
The bolt of light hits the dream sheep!
The dream sheep is moderately wounded.
The dream sheep is blinded.
The bolt of light hits the yak!
The yak is moderately wounded.
The yak is blinded.
The now-empty wand crumbles to dust.
The grasping roots constrict the cane toad.
The grasping roots constrict the spriggan druid.
You feel very sick.
The roots release their grip on the cane toad.
The roots release their grip on the spriggan druid.
The spriggan druid hits you but does no damage. x2
Unknown command.
You completely miss the cane toad.
The cane toad is severely wounded.
You feel very sick.
The cane toad stings you but does no damage. x2
The spriggan druid calls out to the beasts of the wild!
A dream sheep comes into view.
A yak comes into view.
The dream sheep shake their wool and sparkle.
You feel drowsy...
You fall asleep.
The spriggan druid hits you with a +2 quarterstaff of speed!!!
You wake up.
* * * LOW HITPOINT WARNING * * *
The cane toad stings you.
* * * LOW HITPOINT WARNING * * *
You hear an angry hiss.
Unknown command.
You feel better. The cane toad stings you!
* * * LOW HITPOINT WARNING * * *
You are lethally poisoned!
The cane toad poisons you!
The spriggan druid casts a spell at you.
The stone arrow hits you!!
You die...

.....#
#.#.##
.....##
##..P#
....<.#
#...##
..†..##
###.###
.....# #...#
.....##
#..##
......#
###..#
.....##
#..F.#
.....#
###♣F##
.....# #i#Y#
.....P#
###i..#
.....P#
#.#Y..#
.....##
##Y.###
..P..# ##..#
.....# #Y.##
.#...# #Y♣♣
♣♣♣ #....#
#.♣.♣♣♣....♣


You could see 2 spriggan druids, 2 yaks, 2 cane toads and 3 dream sheep.

Vanquished Creatures
  A two-headed ogre (D:9)
  Maurice (D:7)
  5 elephants
  A black mamba (Lair:2)
  A cane toad (Lair:1)
  Maggie (D:10)
  4 komodo dragons
  A polar bear (Lair:1)
  Prince Ribbit (D:8)
  3 hornets
  A dream sheep (Lair:2)
  A shadow (D:10)
  9 yaks (D:8)
  A basilisk (Lair:1)
  4 steam dragons
  An acid dragon (D:9)
  A water moccasin (Lair:1)
  3 black bears
  5 ice beasts
  5 orc warriors (D:10)
  5 centaurs
  9 wolves (Lair:1)
  2 phantoms
  4 kobold brigands
  2 bullfrogs
  3 scorpions
  8 wights (D:9)
  A killer bee (D:8)
  7 howler monkeys
  2 jellies
  2 bombardier beetles
  3 hounds
  2 orc priests
  3 sleepcaps
  2 iguanas
  7 orc wizards
  4 adders
  3 shadow imps
  3 white imps
  2 ribbon worms
  A dart slug (D:4)
  28 orcs
  10 ball pythons
  7 endoplasms
  A giant cockroach (D:3)
  3 hobgoblins (D:1)
  21 kobolds
  4 quokkas
  3 bats
  A frilled lizard (D:2)
  5 goblins
  7 rats
215 creatures vanquished.

Vanquished Creatures (collateral kills)
  A troll (D:8)
1 creature vanquished.

Vanquished Creatures (others)
  3 killer bees (D:8)
  2 orc wizards
  An orc (D:10)
6 creatures vanquished.

Grand Total: 222 creatures vanquished

Notes
Turn   | Place    | Note
-------+----------+-------------------------------------------
     0 | D:1      | FenstriderWitch the Draconian Gladiator began the quest for
                  | the Orb.
     0 | D:1      | Reached XP level 1. HP: 17/17 MP: 1/1
   175 | D:1      | Reached XP level 2. HP: 24/25 MP: 2/2
   452 | D:1      | Reached XP level 3. HP: 21/30 MP: 3/3
  1199 | D:2      | Reached skill level 4 in Long Blades
  1647 | D:3      | Reached XP level 4. HP: 37/37 MP: 4/4
  1790 | D:3      | Noticed Sigmund
  1993 | D:3      | Reached skill level 1 in Shapeshifting
  2018 | D:3      | Found a roughly hewn altar of Beogh.
  2018 | D:3      | Found the +7 staff of the Meek {protect, meekguard}
  2176 | D:3      | Found a faded altar of an unknown god.
  2206 | D:3      | Reached XP level 5. HP: 31/45 MP: 5/5
  2358 | D:3      | Found an ornate altar of the Wu Jian Council.
  2572 | D:4      | Noticed a phantom
  3000 | D:3      | Reached skill level 5 in Long Blades
  3000 | D:3      | Reached XP level 6. HP: 52/52 MP: 6/6
  3366 | D:4      | Your scales start taking on a dull iron-grey colour.
  3366 | D:4      | Reached XP level 7. HP: 48/59 MP: 7/7
  3546 | D:4      | Found a hide-covered altar of Uskayaw.
  3555 | D:4      | Found a radiant altar of Vehumet.
  3734 | D:5      | Entered Level 5 of the Dungeon
  3777 | D:5      | Reached skill level 6 in Long Blades
  3844 | D:5      | Identified the +5 great mace of Kairuck {heavy, rF- Str+4
                  | SInv}
  4181 | D:5      | Reached skill level 5 in Fighting
  4223 | D:5      | Reached skill level 7 in Long Blades
  4223 | D:5      | Reached XP level 8. HP: 53/68 MP: 8/8
  4776 | D:6      | Reached skill level 8 in Long Blades
  4826 | D:6      | Reached skill level 5 in Shapeshifting
  4875 | D:6      | Found Kyr Ovot's Gadget Gallery.
  4942 | D:6      | Became a worshipper of Beogh the Shepherd
  5313 | D:7      | Noticed Maurice
  5335 | D:6      | Reached XP level 9. HP: 71/74 MP: 9/9
  5343 | D:7      | Maurice stole a +0 tower shield
  5451 | D:7      | Reached skill level 9 in Long Blades
  5772 | D:7      | Maurice stole a ring of magical power
  5785 | D:7      | Something stole 295 gold
  5786 | D:7      | Something stole a maw talisman
  5919 | D:6      | Paralysed by a hornet for 3 turns
  5980 | D:7      | Something stole 19 gold
  6198 | D:8      | Noticed a troll
  6214 | D:7      | Found a staircase to the Ecumenical Temple.
  6222 | Temple   | Entered the Ecumenical Temple
  6244 | D:8      | Killed a troll
  6492 | D:8      | Paralysed by a hornet for 3 turns
  6502 | D:8      | Reached skill level 10 in Long Blades
  6504 | D:8      | Noticed Prince Ribbit
  6668 | D:8      | Reached XP level 10. HP: 64/81 MP: 10/10
  6777 | D:8      | Killed Prince Ribbit
  6846 | D:8      | Reached * piety under Beogh
  6881 | D:8      | Reached skill level 11 in Long Blades
  7027 | D:8      | Found Akaoneita's Mass Market.
  7302 | D:9      | Identified the +2 pair of gloves "Rausuh" {Rampage rPois
                  | Int+2}
  7325 | D:9      | Found a staircase to the Lair.
  7523 | D:9      | Found Daujunad's Antique Weapon Shoppe.
  7889 | D:9      | Found a glowing silver altar of Zin.
  7889 | D:9      | Noticed a two-headed ogre
  7894 | D:9      | Killed a two-headed ogre
  7897 | D:9      | Found a glowing golden altar of the Shining One.
  7972 | D:10     | Entered Level 10 of the Dungeon
  8184 | D:10     | Reached skill level 12 in Long Blades
  8337 | D:7      | Maurice stole 163 gold
  8341 | D:7      | Maurice stole a +0 long sword
  8399 | D:7      | Killed Maurice
  8522 | D:10     | Reached XP level 11. HP: 65/86 MP: 11/11
  8628 | D:10     | Reached ** piety under Beogh
  8629 | D:10     | Reached skill level 10 in Shapeshifting
  8738 | D:10     | Noticed Maggie
  8745 | D:10     | Killed Maggie
  8881 | D:10     | Found a staircase to the Orcish Mines.
  9030 | Lair:1   | Entered Level 1 of the Lair of Beasts
  9038 | Lair:1   | Identified the +4 flail "Worm" {drain, rF+}
  9248 | Lair:1   | Reached skill level 13 in Long Blades
  9248 | Lair:1   | Reached skill level 1 in Invocations
 10058 | Lair:1   | Reached skill level 14 in Long Blades
 10262 | Lair:2   | Noticed a spriggan druid
 10264 | Lair:2   | Noticed a spriggan druid
 10273 | Lair:2   | Reached skill level 5 in Invocations
 10283 | Lair:2   | Killed from afar by a spriggan druid

Illustrated notes

Levels and vault maps discovered:
D:1:      dpeg_arrival_shelter, layout_loops_ring
D:2:      layout_loops_ring
D:3:      layout_loops_ring, mainiacjoe_overflow_surrounded_room,
          shapermc_ecumenical_altar_mp_highgroup, pf_guarded_unrand_meek,
          uniq_sigmund
D:4:      layout_layer_cave, mainiacjoe_overflow_swirl, serial_glass,
          glass_columns_a, glass_columns_b, glass_columns_c, glass_columns_c,
          glass_columns_c, glass_columns_b, glass_columns_a, glass_columns_b,
          glass_columns_a, glass_columns_c, eino_tiny_chamber,
          roderic_st_hans_cross
D:5:      layout_loops_ring, dk_noncrumbling_3
D:6:      layout_loops_cross, nicolae_shop_gadgets
D:7:      layout_rooms, grunt_temple_overflow_forces_of_nature,
          marbit_many_paths, temple_statues, minmay_misc_feat_four_crosses,
          uniq_duvessa, uniq_maurice
D:8:      layout_basic, minmay_shop_mass, blue_anna_alchemist,
          uniq_prince_ribbit1
D:9:      layout_roguey, jmf_multi_god_temple2, lair_entry_dummy, serial_shops,
          nicolae_shop_tiny_statue_garden
D:10:     layout_loops_ring, david_orc_4, uniq_maggie
Temple:   dpeg_chambers_temple
Lair:1:   layout_regular_city
Lair:2:   layout_long_grid, mainiacjoe_swamp_entry_angry_trees,
          nicolae_lair_grazing_beasts [nicolae_sub_lair_graze_edge,
          nicolae_sub_lair_graze_edge, nicolae_sub_lair_graze_edge,
          nicolae_sub_lair_graze_edge], lemuel_fruit_fields,
          infiniplex_staircase_pool_2, serial_bayou_shore_b

Skill      XL: |  1  2  3  4  5  6  7  8  9 10 11 |
---------------+----------------------------------+-----
Dodging        | 3 4 |  4.0
Long Blades    | 4 5 7 8 10 12 14 | 14.0
Fighting       | 3 4 5 |  5.0
Shapeshifting  | 1 2 3 5 8 9 10 | 10.0
Invocations    | 5 |  5.1
Throwing       | |  1.7

Action                     |  1- 3 |  4- 6 |  7- 9 | 10-12 || total
---------------------------+-------+-------+-------+-------++-------
  Melee: Long sword        |    95 |   159 |   493 |   119 ||   866
         Tailslap          |     6 |    20 |    75 |    60 ||   161
         Great sword       |       |       |       |   314 ||   314
         Maw               |       |       |       |    65 ||    65
 Invoke: Convert to Beogh  |       |       |     1 |       ||     1
  Evoke: Wand              |       |       |     8 |    11 ||    19
    Use: Potion            |       |     2 |       |     2 ||     4
         Scroll            |       |       |     8 |    10 ||    18
   Stab: Sleeping          |       |       |     4 |     2 ||     6
         Invisible         |       |       |     2 |     1 ||     3
 Armour: Skin              |    58 |   126 |   362 |   327 ||   873
  Dodge: Dodged            |    71 |   146 |   455 |   429 ||  1101
   Form: Maw               |       |       |       |     1 ||     1

Table legend: (Time is in decaauts)
 A = Elapsed time spent in this place.
 B = Non-inter-level travel time spent in this place.
 C = Inter-level travel time spent in this place.
 D = Time resting spent in this place.
 E = Time spent auto-exploring this place.
 F = Levels seen in this place.
 G = Mean time per level.
                   A        B        C        D        E       F      G
               +--------+--------+--------+--------+--------+-----+--------+
         Total |  10364 |   9421 |    943 |   1215 |   5815 |  13 |  797.2 |
       Dungeon |   9100 |   8229 |    871 |    951 |   5163 |  10 |  910.0 |
        Temple |      1 |      1 |      0 |      0 |      0 |   1 |    1.0 |
          Lair |   1262 |   1191 |     71 |    264 |    652 |   2 |  631.0 |
               +--------+--------+--------+--------+--------+-----+--------+

Top non-repeatable levels by time:
     D:3: 1331 daAuts
     D:6: 1245 daAuts
     D:8: 1179 daAuts
  Lair:1: 1002 daAuts
     D:1: 883 daAuts
     D:9: 829 daAuts
     D:2: 822 daAuts
    D:10: 801 daAuts
     D:5: 781 daAuts
     D:4: 753 daAuts
     D:7: 472 daAuts
  Lair:2: 260 daAuts
  Temple: 1 daAuts
